 Dungeon Crawl Stone Soup version 0.31-a0-1074-g0b22e4e0f1 (webtiles) character file.

Game seed: 5083458198077765852

1492 promet the Cleaver (level 8, -1/73 HPs)
             Began as a Hill Orc Fighter on Nov 27, 2023.
             Slain by a cyclops (10 damage)
             ... on level 6 of the Dungeon.
             The game lasted 00:23:34 (9725 turns).

promet the Cleaver (Hill Orc Fighter)               Turns: 9725, Time: 00:23:35

Health: -1/73      AC: 11    Str: 19    XL:     8   Next: 80%
Magic:  8/8        EV: 10    Int:  8    God:
Gold:   244        SH:  0    Dex: 12    Spells: 7/7 levels left

rFire   . . .        a - +0 war axe
rCold   . . .        (no shield)
rNeg    . . .        y - +0 scale mail
rPois   .            (no helmet)
rElec   .            (no cloak)
rCorr   .            v - +1 pair of gloves
SInv    .            d - +0 pair of boots
Will    .....        (no amulet) Stlth
                     (no ring)
HPRegen 0.32/turn    (no ring)
MPRegen 0.11/turn

%: no passive effects
@: no status effects
A: no striking features
a: no special abilities


You were on level 6 of the Dungeon.
You visited 1 branch of the dungeon, and saw 6 of its levels.

You collected 244 gold pieces.

Inventory:

Hand Weapons
 a - a +0 war axe (weapon)
 b - a +0 orcbow
 c - a +0 trident
 f - a +0 flail
 p - a +3 dagger
Missiles
 k - 12 poisoned darts (quivered)
 u - 24 stones
Armour
 d - a +0 pair of boots (worn)
 i - a +0 plate armour
 m - a +0 buckler
 n - a +0 pair of gloves
 v - a +1 pair of gloves (worn)
 y - a +0 scale mail (worn)
Jewellery
 j - a ring of magical power
 l - a +6 ring of intelligence
Wands
 t - a wand of digging (6)
Scrolls
 e - 2 scrolls of noise
 w - 2 scrolls of immolation
Potions
 g - a potion of lignification {unknown}
 h - 5 potions of attraction
 q - a potion of curing
 r - 3 potions of cancellation
 s - a potion of brilliance {unknown}
 x - a potion of degeneration {unknown}


   Skills:
 * Level 7.4 Fighting
 + Level 8.7(8.8) Axes
 + Level 0.9(4.6) Polearms
 + Level 1.5 Throwing
 + Level 5.5 Armour
 + Level 2.3 Dodging
 + Level 1.3 Stealth
 + Level 4.4 Shields


You had 7 spell levels left.
You didn't know any spells.
Your spell library contained the following spells:

 Spells                   Type           Power      Damage    Failure   Level
 Freeze                   Ice            0%         1d3       77%         1
 Frozen Ramparts          Ice            0%         1d1       98%         3
 Hailstorm                Conj/Ice       0%         3d3       98%         3


Dungeon Overview and Level Annotations

Branches:
Dungeon (6/15)
 Temple: D:4-7

Altars:
Kikubaaqudgha
Makhleb
Nemelex Xobeh
Okawaru
Sif Muna
Trog
Uskayaw
Xom
The Shining One


Message History

Okay, then.
The air fills with toxic fumes!
As you read the scroll of poison, it crumbles to dust.
b - a +0 orcbow (weapon)
You shoot an arrow. The arrow hits the cyclops!
The cyclops is moderately wounded.
The cyclops throws a large rock.
The large rock hits you!
You shoot an arrow. The arrow barely misses the cyclops.
You shoot an arrow.
The arrow hits the cyclops but does no damage.
The cyclops is moderately wounded.
You shoot an arrow.
The arrow hits the cyclops but does no damage.
The cyclops is moderately wounded.
You shoot an arrow. The arrow hits the cyclops.
The cyclops is heavily wounded.
The cyclops throws a large rock.
The large rock hits you!
You shoot an arrow. The arrow barely misses the cyclops.
The cyclops throws a large rock.
The large rock hits you!
You shoot an arrow.
The arrow hits the cyclops but does no damage.
The cyclops is moderately wounded.
You shoot an arrow.
The arrow hits the cyclops but does no damage.
The cyclops is moderately wounded.
The cyclops throws a large rock.
The large rock hits you!!!
Ouch! That really hurt!
* * * LOW HITPOINT WARNING * * *
Okay, then.
It was a potion of curing.
You feel better. The cyclops hits you.
* * * LOW HITPOINT WARNING * * *
a - a +0 war axe (weapon)
You are too injured to fight recklessly!
You are too injured to fight recklessly!
You are too injured to fight recklessly!
You hit the cyclops but do no damage.
The cyclops is moderately wounded.
The cyclops hits you!
You die...

)######.......#.........##.....#.
.# #...####.##.#.....########. ##
#..<# ####...###<......##. #...#
#.......#####.##. ##.##
##°####.#####.### #.
###.#............. #.
#°○....#.#..##.###
#.#............#
.######@###......#.###
.......○C.#..###...#
.######.#.#......###
......°.#.##.##### ####.#°...°..#
.....#..#.##.# ..?#.#.(#.##.#
._.#.#..#..#.# ...#.#..##.#.#


You could see a cyclops.

Vanquished Creatures
  A water moccasin (D:6)
  2 black bears
  2 ice beasts
  An ogre (D:5)
  A centaur (D:6)
  A bullfrog (D:5)
  A scorpion (D:6)
  A howler monkey (D:5)
  3 orc priests
  2 jellies (D:5)
  4 hounds
  An iguana (D:5)
  Terence (D:2)
  4 orc wizards
  7 gnolls
  7 adders
  3 shadow imps
  2 white imps (D:5)
  A worm (D:3)
  A dart slug (D:5)
  25 orcs
  8 endoplasms
  9 goblins
  7 hobgoblins
  2 jackals (D:2)
  4 quokkas
  7 ball pythons
  6 bats
  A frilled lizard (D:2)
  4 kobolds
  3 rats
122 creatures vanquished.

Vanquished Creatures (others)
  An arcanist (D:4)
1 creature vanquished.

Grand Total: 123 creatures vanquished

Notes
Turn   | Place    | Note
-------+----------+-------------------------------------------
     0 | D:1      | promet the Hill Orc Fighter began the quest for the Orb.
     0 | D:1      | Reached XP level 1. HP: 19/19 MP: 1/1
    54 | D:1      | Found a faded altar of an unknown god.
   181 | D:1      | Reached XP level 2. HP: 21/27 MP: 2/2
   626 | D:1      | Reached skill level 3 in Axes
   970 | D:2      | Noticed Terence
   985 | D:2      | Killed Terence
   986 | D:2      | Reached XP level 3. HP: 21/33 MP: 3/3
  1905 | D:2      | Reached XP level 4. HP: 41/41 MP: 4/4
  2367 | D:3      | Reached skill level 4 in Axes
  2388 | D:3      | Found a faded altar of an unknown god.
  2392 | D:3      | Found a sparkling altar of Nemelex Xobeh.
  2819 | D:3      | Reached XP level 5. HP: 39/47 MP: 5/5
  4341 | D:4      | Reached skill level 5 in Axes
  4580 | D:4      | Reached XP level 6. HP: 55/55 MP: 6/6
  4867 | D:4      | Reached skill level 5 in Fighting
  5115 | D:4      | Noticed a black bear
  5126 | D:4      | Killed a black bear
  5208 | D:4      | Reached skill level 6 in Axes
  5842 | D:4      | Found a bloodstained altar of Trog.
  5851 | D:4      | Noticed an arcanist
  5856 | D:4      | Killed an arcanist
  6024 | D:5      | Entered Level 5 of the Dungeon
  6121 | D:5      | Noticed a black bear
  6128 | D:5      | Reached skill level 1 in Dodging
  6128 | D:5      | Reached XP level 7. HP: 61/61 MP: 7/7
  6258 | D:5      | Found a glowing golden altar of the Shining One.
  6871 | D:5      | Reached skill level 7 in Axes
  7181 | D:5      | Reached skill level 1 in Stealth
  7306 | D:5      | Reached skill level 1 in Throwing
  7306 | D:5      | Reached XP level 8. HP: 59/70 MP: 8/8
  7533 | D:5      | Found a hide-covered altar of Uskayaw.
  7533 | D:5      | Found a shimmering altar of Xom.
  7533 | D:5      | Found a burning altar of Makhleb.
  7534 | D:5      | Found a shimmering blue altar of Sif Muna.
  7649 | D:5      | Reached skill level 5 in Armour
  8117 | D:6      | Reached skill level 8 in Axes
  8118 | D:6      | Found an iron altar of Okawaru.
  8992 | D:6      | Found an ancient bone altar of Kikubaaqudgha.
  8994 | D:6      | Noticed a cyclops
  9721 | D:6      | HP: 2/73 [cyclops/large rock (40)]
  9725 | D:6      | Slain by a cyclops

Illustrated notes

Levels and vault maps discovered:
D:1:      lightli_arrival_maybe_door_vault, layout_loops_ring,
          chequers_ecumenical_altar_simple_redux
D:2:      layout_basic, uniq_terence
D:3:      layout_basic, nicolae_overflow_ecumenical_swirl
D:4:      layout_basic, trog_wizard, uniq_pikel
D:5:      layout_basic, tso_oasis_becter, grunt_temple_overflow_open
D:6:      layout_loops_cross, mainiacjoe_overflow_cross_hatched,
          okawaru_ov_weapons_minmay

Skill      XL: |  1  2  3  4  5  6  7  8 |
---------------+-------------------------+-----
Axes           | 3 4 5 6 7 8 |  8.7
Fighting       | 4 5 6 7 |  7.4
Armour         | 4 5 |  5.5
Dodging        | 1 2 |  2.3
Shields        | 4 |  4.4
Stealth        | 1 |  1.3
Throwing       | 1 |  1.5
Polearms       | |  0.9

Action                     |  1- 3 |  4- 6 |  7- 9 || total
---------------------------+-------+-------+-------++-------
  Melee: War axe           |    55 |   169 |   150 ||   374
         Trident           |       |    12 |       ||    12
   Fire: Orcbow            |       |       |    14 ||    14
  Throw: Dart              |     6 |     8 |    13 ||    27
         Stone             |     2 |    17 |       ||    19
    Use: Scroll            |     2 |     6 |     3 ||    11
         Potion            |       |     1 |     1 ||     2
 Armour: Scale mail        |    39 |   103 |   127 ||   269
  Dodge: Dodged            |    33 |    61 |    56 ||   150
  Block: Buckler           |     8 |    44 |    38 ||    90

Table legend: (Time is in decaauts)
 A = Elapsed time spent in this place.
 B = Non-inter-level travel time spent in this place.
 C = Inter-level travel time spent in this place.
 D = Time resting spent in this place.
 E = Time spent auto-exploring this place.
 F = Levels seen in this place.
 G = Mean time per level.
                   A        B        C        D        E       F      G
               +--------+--------+--------+--------+--------+-----+--------+
         Total |   9823 |   9679 |    144 |   4657 |   2736 |   6 | 1637.2 |
       Dungeon |   9823 |   9679 |    144 |   4657 |   2736 |   6 | 1637.2 |
               +--------+--------+--------+--------+--------+-----+--------+

Top non-repeatable levels by time:
     D:5: 2382 daAuts
     D:3: 2344 daAuts
     D:4: 1792 daAuts
     D:6: 1347 daAuts
     D:2: 1137 daAuts
     D:1: 819 daAuts
